 Dungeon Crawl Stone Soup version 0.31-a0-271-gb88eb75e06 (webtiles) character file.

Game seed: 3693266062196564325

17385 Newt the Basher (level 12, -3/104 HPs)
             Began as a Demonspawn Gladiator on July 14, 2023.
             Was a Priest of Makhleb.
             Slain by a skyshark (9 damage)
             ... on level 2 of the Lair of Beasts.
             The game lasted 00:22:16 (12085 turns).

Newt the Basher (Demonspawn Gladiator)             Turns: 12085, Time: 00:22:16

Health: -3/104     AC: 23    Str: 18    XL:     12   Next: 18%
Magic:  19/19      EV:  7    Int: 12    God:    Makhleb [***...]
Gold:   346        SH: 13    Dex: 14    Spells: 11/11 levels left

rFire   + . .        f - +5 flail
rCold   + . .        o - +0 tower shield
rNeg    . . .        v - +0 scale mail
rPois   .            z - +1 hat
rElec   +            J - scarf {rC+ rF+}
rCorr   .            (no gloves)
SInv    .            x - +2 pair of boots {Stlth+}
Will    .....        g - amulet of regeneration
Stlth   +            q - +4 ring of protection
HPRegen 1.17/turn    C - +4 ring of protection
MPRegen 0.16/turn

%: no passive effects
@: no status effects
A: thin metallic scales 2, powered by pain 3, weakness stinger 1, robust 1,
electricity resistance
a: Renounce Religion, Minor Destruction, Lesser Servant of Makhleb


You were on level 2 of the Lair of Beasts.
You worshipped Makhleb.
Makhleb was most pleased with you.
You visited 2 branches of the dungeon, and saw 11 of its levels.
You also visited: Sewer.

You collected 676 gold pieces.
You spent 330 gold pieces at shops.

Inventory:

Hand Weapons
 a - a +0 rapier
 f - a +5 flail (weapon)
 m - a +0 dagger of electrocution
 E - a +5 dire flail
Missiles
 d - a throwing net
 e - 8 javelins
 s - 37 poisoned darts
 t - 5 boomerangs
Armour
 b - a +0 leather armour
 c - a +0 helmet
 o - a +0 tower shield (worn)
 v - a +0 scale mail (worn)
 x - a +2 pair of boots of stealth (worn)
 z - a +1 hat (worn)
 A - a +0 cloak
 J - a scarf of resistance (worn)
Jewellery
 g - an amulet of regeneration (around neck)
 h - a +5 ring of evasion
 q - a +4 ring of protection (left hand)
 C - a +4 ring of protection (right hand)
 R - a ring of protection from cold
Wands
 j - a wand of flame (36) (quivered)
 y - a wand of roots (15)
 B - a wand of acid (1)
 I - a wand of digging (6)
 K - a wand of mindburst (7)
Scrolls
 D - a scroll of noise
 F - 3 scrolls of fog
 G - 3 scrolls of teleportation
 L - a scroll of amnesia
 M - a scroll of fear
 N - 2 scrolls of vulnerability
 Q - a scroll of enchant armour
Potions
 i - 2 potions of haste
 k - 5 potions of brilliance
 l - a potion of lignification
 n - 3 potions of resistance
 p - 5 potions of curing
 r - a potion of attraction
 u - 3 potions of magic
 w - a potion of might
 H - a potion of mutation
 O - a potion of heal wounds
 P - a potion of berserk rage {unknown}


   Skills:
 - Level 9.0 Fighting
 - Level 2.7 Short Blades
 + Level 11.2 Maces & Flails
 - Level 1.7 Throwing
 - Level 7.0 Armour
 - Level 2.6 Dodging
 - Level 5.0 Shields
 - Level 10.0 Invocations
 - Level 6.0 Evocations


You had 11 spell levels left.
You didn't know any spells.
Your spell library contained the following spells:

 Spells                   Type           Power      Damage    Failure   Level
 Freeze                   Ice            0%         1d3       100%        1
 Magic Dart               Conj           0%         1d3       100%        1
 Summon Small Mammal      Summ           0%         N/A       100%        1
 Blink                    Tloc           0%         N/A       100%        2
 Call Imp                 Summ           0%         N/A       100%        2
 Wereblood                Tmut           0%         N/A       100%        2
 Call Canine Familiar     Summ           0%         N/A       100%        3
 Dazzling Flash           Conj/Hex       0%         N/A       100%        3
 Frozen Ramparts          Ice            0%         1d1       100%        3
 Hailstorm                Conj/Ice       0%         3d3       100%        3
 Mephitic Cloud           Conj/Pois/Air  0%         N/A       100%        3
 Summon Guardian Golem    Hex/Summ       0%         N/A       100%        3
 Vhi's Electric Charge    Tloc/Air       0%         N/A       100%        3
 Anguish                  Hex/Necr       0%         N/A       100%        4
 Cause Fear               Hex            0%         N/A       100%        4
 Manifold Assault         Tloc           0%         N/A       100%        4
 Agony                    Necr           0%         N/A       100%        5
 Arcjolt                  Conj/Air       0%         1d10      100%        5
 Irradiate                Conj/Tmut      0%         3d11      100%        5
 Silence                  Hex/Air        0%         N/A       100%        5
 Plasma Beam              Fire/Air       0%         2x1d10    100%        6
 Enfeeble                 Hex            0%         N/A       100%        7


Dungeon Overview and Level Annotations

Branches:
Dungeon (9/15)             Temple (0/1) D:7            Lair (2/5) D:9
  Sewer (visited)
  Swamp: Lair:2-3    Shoals: Lair:2-3     Snake: Lair:2-3    Spider: Lair:2-3
    Orc: D:9-12

Altars:
Ashenzari
Cheibriados
Dithmenos
Kikubaaqudgha
Makhleb
Okawaru
Qazlal
Xom

Shops:
D:1 [==   D:7 :

Annotations:
Lair:2 Gastronok


Innate Abilities, Weirdness & Mutations

You are mostly covered in thin metallic scales. (AC +3)
You are powered by pain.
You have a small tail.
You are robust. (+10% HP)
You are resistant to electric shocks. (rElec)


Message History

The skyshark tail-slaps you but does no damage.
Unknown command.
Unknown command.
Unknown command.
Aiming: Mindburst
Press: ? - help, Shift-Dir - straight line, f/p - skyshark
Aim: a skyshark (heavily wounded, berserk, chance to affect: 71%)
The skyshark struggles to resist.
You block the skyshark's attack.
The skyshark tail-slaps you but does no damage. x2
The skyshark barely misses you.
The skyshark tail-slaps you but does no damage. x2
Gastronok casts a spell.
Gastronok puts on a burst of speed!
Unknown command.
You thump the skyshark!
Your tail-slap misses the skyshark.
The skyshark is severely wounded.
The skyshark bites you. You block the skyshark's attack.
The skyshark tail-slaps you! The skyshark bites you.
The skyshark tail-slaps you but does no damage.
You block the skyshark's attack.
Aiming: Corrosive Bolt
Press: ? - help, Shift-Dir - straight line, f/p - skyshark
Aim: a skyshark (heavily wounded, berserk, 81% to hit)
The bolt of acid hits the skyshark!
The acid corrodes the skyshark!
The skyshark is severely wounded.
The skyshark bites you!
* * * LOW HITPOINT WARNING * * *
You block the skyshark's attack. The skyshark tail-slaps you.
* * * LOW HITPOINT WARNING * * *
Gastronok bubbles merrily.
Unknown command.
You closely miss the skyshark.
The skyshark is severely wounded.
The skyshark bites you!!
* * * LOW HITPOINT WARNING * * *
The skyshark tail-slaps you but does no damage. x2
You block the skyshark's attack.
The skyshark tail-slaps you but does no damage.
The skyshark tail-slaps you!
You die...

#..............
##.............
##..............
#.......####.†##
##.....### ###.#
##....P## #.#.
##....### ####
##...P## #.
#P.@.## ##
#.l### #....
#...## #...#
..<. ..# w. ##


You could see Gastronok (swift) and a skyshark (berserk, corroded).

Vanquished Creatures
  A hydra (Lair:1)
  A catoblepas (Lair:1)
  Sonja (Lair:1)
  Pikel (D:4)
  The ghost of IdlyInterested the Trooper, a novice DsGl (D:6)
  An oklob plant (Lair:1)
  3 black mambas
  Joseph (D:9)
  6 cane toads
  A komodo dragon (Lair:2)
  A troll (D:9)
  18 blink frogs
  Grinder (Sewer)
  A wraith (D:9)
  9 yaks
  Eustachio (D:4)
  A basilisk (Lair:1)
  2 steam dragons
  Duvessa (D:5)
  3 water moccasins
  2 orc warriors (D:6)
  4 ice beasts
  A sky beast (D:6)
  2 black bears
  An ogre (D:5)
  5 centaurs
  A phantom (Sewer)
  4 lemures (D:4)
  5 kobold brigands
  13 bullfrogs
  A gnoll sergeant (D:9)
  5 scorpions
  8 wights
  Dowan (D:5)
  5 killer bees (D:7)
  3 howler monkeys
  4 electric eels (D:7)
  4 jellies
  A gnoll bouda (D:7)
  2 hounds
  Crazy Yiuf (D:3)
  4 orc priests
  A sleepcap (D:3)
  Natasha (thrice) (D:3)
  5 iguanas
  9 orc wizards
  12 gnolls
  A river rat (D:3)
  11 adders
  5 shadow imps
  A white imp (D:5)
  An ufetubus (Sewer)
  5 worms
  3 dart slugs
  31 orcs
  6 ball pythons
  A bat zombie (Sewer)
  14 endoplasms
  5 giant cockroaches
  3 goblins
  8 hobgoblins
  7 quokkas
  11 bats
  4 frilled lizards
  A giant cockroach zombie (Sewer)
  36 kobolds
  2 kobold zombies (Sewer)
  5 rats
323 creatures vanquished.

Vanquished Creatures (others)
  An orc (D:8)
1 creature vanquished.

Grand Total: 324 creatures vanquished

Notes
Turn   | Place    | Note
-------+----------+-------------------------------------------
     0 | D:1      | Newt the Demonspawn Gladiator began the quest for the Orb.
     0 | D:1      | Reached XP level 1. HP: 16/16 MP: 1/1
   104 | D:1      | Found Acydiz's Armour Shoppe.
   133 | D:1      | Found Pirisu's Jewellery Shoppe.
   184 | D:1      | Gained mutation: You are partially covered in thin metallic
                  | scales. (AC +2) [demonic ancestry]
   184 | D:1      | Reached XP level 2. HP: 23/23 MP: 2/2
   554 | D:1      | Gained mutation: You are mostly covered in thin metallic
                  | scales. (AC +3) [demonic ancestry]
   554 | D:1      | Reached XP level 3. HP: 22/29 MP: 3/3
   661 | D:1      | Found Idyff's Jewellery Shoppe.
  1982 | D:3      | Noticed Natasha
  2001 | D:3      | Killed Natasha
  2002 | D:3      | Reached skill level 1 in Maces & Flails
  2002 | D:3      | Reached XP level 4. HP: 11/37 MP: 4/4
  2004 | D:3      | Noticed Natasha
  2018 | D:3      | Killed Natasha
  2019 | D:3      | Reached skill level 2 in Maces & Flails
  2030 | D:3      | Noticed Natasha
  2035 | D:3      | Killed Natasha
  2083 | D:3      | Reached XP level 5. HP: 32/42 MP: 5/5
  2120 | D:3      | Reached skill level 3 in Maces & Flails
  2173 | D:3      | Found a glowing drain.
  2203 | Sewer    | Entered a sewer
  2318 | Sewer    | Found an ancient bone altar of Kikubaaqudgha.
  2324 | Sewer    | Noticed a phantom
  2345 | Sewer    | Gained mutation: Your spells are a little easier to cast,
                  | but a little less powerful. [potion of mutation]
  2345 | Sewer    | Gained mutation: You are somewhat resistant to further
                  | mutation. [potion of mutation]
  2348 | Sewer    | Killed a phantom
  2349 | Sewer    | Reached skill level 4 in Maces & Flails
  2349 | Sewer    | Gained mutation: You have a small tail. [demonic ancestry]
  2349 | Sewer    | Reached XP level 6. HP: 30/48 MP: 6/6
  2578 | Sewer    | Lost mutation: You are somewhat resistant to further
                  | mutation. [potion of mutation]
  2578 | Sewer    | Lost mutation: Your spells are a little easier to cast, but
                  | a little less powerful. [potion of mutation]
  2578 | Sewer    | Gained mutation: Your body sometimes deteriorates upon
                  | taking damage. [potion of mutation]
  2578 | Sewer    | Gained mutation: You are partially covered in large bone
                  | plates. (SH +4) [potion of mutation]
  2578 | Sewer    | Gained mutation: You are dopey. (Int -2) [potion of
                  | mutation]
  2578 | Sewer    | Gained mutation: You possess an exceptional clarity of
                  | mind. [potion of mutation]
  2612 | Sewer    | Noticed Grinder
  2623 | Sewer    | Paralysed by Grinder for 4 turns
  2631 | Sewer    | Paralysed by Grinder for 5 turns
  2636 | Sewer    | Killed Grinder
  2637 | Sewer    | Reached skill level 5 in Maces & Flails
  2637 | Sewer    | Gained mutation: You sometimes gain a little power by
                  | taking damage. [demonic ancestry]
  2637 | Sewer    | Reached XP level 7. HP: 25/54 MP: 7/7
  3874 | D:3      | Found a runed translucent door.
  3875 | D:3      | Noticed Crazy Yiuf
  3883 | D:3      | Killed Crazy Yiuf
  3884 | D:3      | Reached skill level 1 in Evocations
  4230 | D:4      | Noticed Pikel
  4272 | D:4      | Noticed Eustachio
  4313 | D:4      | Killed Eustachio
  4357 | D:4      | Killed Pikel
  4358 | D:4      | Gained mutation: You sometimes gain power by taking damage.
                  | [demonic ancestry]
  4358 | D:4      | Reached XP level 8. HP: 18/64 MP: 8/8
  4699 | D:4      | Found a shadowy altar of Dithmenos.
  4699 | D:4      | Found a stormy altar of Qazlal.
  4699 | D:4      | Found a broken altar of Ashenzari.
  4757 | D:5      | Entered Level 5 of the Dungeon
  4829 | D:5      | Noticed Duvessa
  4854 | D:5      | Killed Duvessa
  4855 | D:5      | Reached skill level 6 in Maces & Flails
  4859 | D:5      | Noticed Dowan
  4870 | D:5      | Killed Dowan
  5169 | D:5      | Reached skill level 7 in Maces & Flails
  5791 | D:5      | Found a shimmering altar of Xom.
  5956 | D:6      | Gained mutation: You are powered by pain. [demonic
                  | ancestry]
  5956 | D:6      | Reached XP level 9. HP: 64/69 MP: 9/9
  5986 | D:6      | Reached skill level 8 in Maces & Flails
  5995 | D:6      | Reached skill level 1 in Shields
  6175 | D:6      | You fall into a shaft and drop 2 floors!
  6180 | D:8      | Found a burning altar of Makhleb.
  6180 | D:8      | Noticed a green death
  6183 | D:8      | Noticed a hellwing
  6185 | D:8      | Became a worshipper of Makhleb the Destroyer
  6250 | D:8      | Found an ancient bone altar of Kikubaaqudgha.
  6549 | D:7      | Found Gidu's Book Boutique.
  6657 | D:6      | Found a runed translucent gate.
  6657 | D:6      | Noticed IdlyInterested's ghost (novice DsGl)
  6658 | D:6      | Found a runed translucent gate.
  6660 | D:6      | Lost mutation: You are partially covered in large bone
                  | plates. (SH +4) [potion of mutation]
  6660 | D:6      | Lost mutation: You possess an exceptional clarity of mind.
                  | [potion of mutation]
  6660 | D:6      | Gained mutation: You sometimes lose your temper in combat.
                  | [potion of mutation]
  6660 | D:6      | Lost mutation: You sometimes lose your temper in combat.
                  | [potion of mutation]
  6661 | D:6      | Lost mutation: You are dopey. (Int -2) [potion of mutation]
  6661 | D:6      | Lost mutation: Your body sometimes deteriorates upon taking
                  | damage. [potion of mutation]
  6661 | D:6      | Gained mutation: You are weak. (Str -2) [potion of
                  | mutation]
  6661 | D:6      | Gained mutation: You are dopey. (Int -2) [potion of
                  | mutation]
  6662 | D:6      | Lost mutation: You are dopey. (Int -2) [potion of mutation]
  6662 | D:6      | Lost mutation: You are weak. (Str -2) [potion of mutation]
  6662 | D:6      | Gained mutation: You are weak. (Str -2) [potion of
                  | mutation]
  6662 | D:6      | Gained mutation: You have a pair of small antennae on your
                  | head. [potion of mutation]
  6663 | D:6      | Found a runed translucent gate.
  6664 | D:6      | Lost mutation: You have a pair of small antennae on your
                  | head. [potion of mutation]
  6664 | D:6      | Lost mutation: You are weak. (Str -2) [potion of mutation]
  6664 | D:6      | Gained mutation: You are robust. (+10% HP) [potion of
                  | mutation]
  6664 | D:6      | Gained mutation: You are resistant to electric shocks.
                  | (rElec) [potion of mutation]
  6723 | D:6      | Reached skill level 5 in Shields
  7125 | D:1      | Bought an amulet of regeneration for 330 gold pieces
  7309 | D:6      | Killed IdlyInterested's ghost
  7309 | D:6      | Reached * piety under Makhleb
  7332 | D:6      | Reached XP level 10. HP: 76/83 MP: 10/10
  7434 | D:7      | Reached skill level 5 in Armour
  7530 | D:7      | Found a snail-covered altar of Cheibriados.
  8037 | D:7      | Found a staircase to the Ecumenical Temple.
  8191 | D:7      | Reached ** piety under Makhleb
  8194 | D:7      | Found an iron altar of Okawaru.
  8735 | D:8      | Identified the +0 scale mail of Uskayaw, Building {Str+3
                  | Dex+3 Slay+2}
  9422 | D:9      | Reached skill level 1 in Invocations
  9440 | D:9      | Noticed Joseph
  9462 | D:9      | Killed Joseph
  9664 | D:9      | Reached XP level 11. HP: 97/97 MP: 13/13
  9673 | D:9      | Found a staircase to the Lair.
 10129 | Lair:1   | Entered Level 1 of the Lair of Beasts
 10155 | Lair:1   | Reached skill level 5 in Invocations
 10360 | Lair:1   | Noticed an oklob plant
 10561 | Lair:1   | Killed an oklob plant
 10595 | Lair:1   | Identified the +0 robe of the Gate {+Blink rF- rN++ Stlth+}
 10758 | Lair:1   | Reached *** piety under Makhleb
 10861 | Lair:1   | Noticed a catoblepas
 10907 | Lair:1   | Reached skill level 10 in Invocations
 10921 | Lair:1   | Killed a catoblepas
 11097 | Lair:1   | Noticed a five-headed hydra
 11111 | Lair:1   | Killed a five-headed hydra
 11112 | Lair:1   | Reached skill level 9 in Maces & Flails
 11317 | Lair:1   | Reached skill level 10 in Maces & Flails
 11341 | Lair:1   | Noticed Sonja
 11346 | Lair:1   | Killed Sonja
 11347 | Lair:1   | Reached XP level 12. HP: 23/104 MP: 19/19
 11999 | Lair:2   | Reached skill level 11 in Maces & Flails
 12080 | Lair:2   | Noticed Gastronok
 12085 | Lair:2   | Slain by a skyshark

Illustrated notes

Levels and vault maps discovered:
D:1:      psy_arrival_whirlpool, layout_loops_ring, serial_shops, shop,
          nicolae_shop_tiny_statue_garden, shop,
          hangedman_abyss_or_decor_lesser_grid
D:2:      layout_basic
D:3:      cheibrodos_fertilizer, layout_basic, gup_sewer_entry_spiral,
          kennysheep_flooded_box, hellmonk_no_cap, uniq_crazy_yiuf_cottage,
          uniq_natasha
D:4:      layout_cave_pools, gammafunk_temple_overflow_claw,
          nicolae_overflow_hidden_temple, uniq_eustachio, uniq_pikel
D:5:      layout_gridville, mainiacjoe_overflow_alcove_2, uniq_duvessa
D:6:      layout_rooms, biasface_ghost_orc_armoury, minmay_alternating_orb
D:7:      minmay_inner_zag, layout_basic, marbit_many_paths,
          cheibrodos_worm_habitat, temple_hall, serial_shops, shop,
          serial_bayou_lake_a
D:8:      layout_loops_cross, makhleb_altar_promises_db,
          mainiacjoe_overflow_chevrons, serial_co_window_serial,
          co_window_of_opportunity_a, co_window_corner_a, co_window_cross_1,
          co_window_cross_1, co_window_corner_a, co_window_broadway_b,
          co_window_2corner, co_window_2corner, co_window_unsneaky_path_e,
          co_window_paths_e, glass_columns_a, minmay_misc_feat_rugged
D:9:      layout_basic, elyvilon_altar_3, uniq_joseph
Lair:1:   layout_roguey, minivault_25, minmay_lair_oklob_items, uniq_sonja
Lair:2:   layout_cave_pods, elwin_shoals_entry_stream, serial_bayou_pond_e,
          uniq_gastronok

Skill      XL: |  1  2  3  4  5  6  7  8  9 10 11 12 |
---------------+-------------------------------------+-----
Fighting       | 3 4 6 9 |  9.0
Maces & Flails | 1 2 4 5 7 8 10 11 | 11.2
Armour         | 2 4 7 |  7.0
Evocations     | 4 6 |  6.0
Shields        | 5 |  5.0
Invocations    | 3 10 | 10.0
Short Blades   | |  2.7
Throwing       | |  1.7
Dodging        | |  2.6

Action                     |  1- 3 |  4- 6 |  7- 9 | 10-12 || total
---------------------------+-------+-------+-------+-------++-------
  Melee: Rapier            |    82 |       |       |       ||    82
         Dagger            |    64 |       |       |       ||    64
         Flail             |    15 |   139 |   385 |   650 ||  1189
         Punch             |     1 |       |     7 |       ||     8
         Tailslap          |       |     3 |    55 |    90 ||   148
  Throw: Throwing net      |     1 |       |     2 |     2 ||     5
         Dart              |       |     3 |     4 |       ||     7
 Invoke: Lesser Servant of |       |       |       |     1 ||     1
  Evoke: Wand              |       |       |     2 |    29 ||    31
    Use: Scroll            |     3 |     2 |    12 |     7 ||    24
         Potion            |       |     6 |     6 |       ||    12
   Stab: Sleeping          |     1 |       |     4 |       ||     5
         Held in net/web   |       |       |     1 |       ||     1
         Petrified         |       |       |       |     1 ||     1
 Armour: Leather armour    |    76 |    79 |    85 |       ||   240
         Scale mail        |       |       |   105 |   429 ||   534
  Dodge: Dodged            |   125 |   134 |   246 |   202 ||   707
  Block: Other             |       |     1 |    46 |       ||    47
         Tower shield      |       |       |    80 |   521 ||   601

Table legend: (Time is in decaauts)
 A = Elapsed time spent in this place.
 B = Non-inter-level travel time spent in this place.
 C = Inter-level travel time spent in this place.
 D = Time resting spent in this place.
 E = Time spent auto-exploring this place.
 F = Levels seen in this place.
 G = Mean time per level.
                   A        B        C        D        E       F      G
               +--------+--------+--------+--------+--------+-----+--------+
         Total |  12499 |  11643 |    856 |   1921 |   6672 |  12 | 1041.6 |
       Dungeon |   9629 |   8781 |    848 |    757 |   5858 |   9 | 1069.9 |
          Lair |   2038 |   2030 |      8 |    705 |    690 |   2 | 1019.0 |
         Sewer |    831 |    831 |      0 |    459 |    124 |   1 |  831.0 |
               +--------+--------+--------+--------+--------+-----+--------+

Top non-repeatable levels by time:
  Lair:1: 1723 daAuts
     D:5: 1265 daAuts
     D:3: 1261 daAuts
     D:2: 1193 daAuts
     D:7: 1191 daAuts
     D:8: 1143 daAuts
     D:9: 1047 daAuts
     D:4: 883 daAuts
     D:1: 855 daAuts
   Sewer: 831 daAuts
     D:6: 787 daAuts
  Lair:2: 315 daAuts
